cohdb
Replays
Latest Replays
All Replays
Popular Replays
Top Player Replays
Match Explorer
How It Works
Community
CoH3 Stats
Reddit
Sign in to upload your games and track your stats! →
Sign in with Steam
Match 43990193
Unlisted
Match 43990193
Overview
Messages
Build Orders
End
Selects Italian Combined Arms Battlegroup
Selects Bersaglieri Squad
Bersaglieri Squad
250 Light Carrier
Bersaglieri Squad
Construct Light Support Kompanie
Selects Bersaglieri Bolster
Bersaglieri Squad
Fire Support Elements
2.5-tonne Medical Truck
Panzerjäger Mechanized Group
Selects Breda Model 30 Light Machine Guns
Flakvierling Half-track
Veteran Squad Leaders
Vehicle Survival Package
Selects Semovente da 75/18 Assault Gun
哦嗦嘎达
6block
MrGlaucus
Calm
torbjornuser
hooveric
카츄사
L1mbo
0
0
Comments
sign in to comment!
No comments posted yet!